Unix NetHack Version 5.0.0-0 post-release - last build Jul 19 2026 19:10:59 (3aa4ab31751d3886436d94b585a96704892fd477,branch:main).

Game began 2026-07-29 16:12:54, ended 2026-07-29 18:00:07.

IanCurtis, chaotic male elven Wizard

                             ---------
                            |.......%|       -----------               @)[[
                           #+...%...`+####`  |.`.......|             @&..[)|
                           #|.....^..|    ###-..........##         #&# [[[[
                           #|........|       |.........| #   --+-- #   .m[[
                           #--------+-       --------.-- #   |....##   .[[[
                           #                         #   ####|...|     .[[[
                           #                         *      #+...|     -
                           #                         #        ---
                           #                         #
            -----.-------.-#                ---------|--
            |.............|#                |..........|
            |..............#                |.........%|
            |.............|                #...%..)....|
            |..............## #####`       #|..........|
            |.............|##### -|-.- #####|..........|
            ---------------    # |).<.##    ------------
                               ##.`.%|
                                 -.---
                                  ^
IanCurtis the Thaumaturge  St:14 Dx:14 Co:14 In:19 Wi:13 Ch:12  Chaotic
Dlvl:6  $:45 HP:0(48) Pw:62(89) AC:2  Xp:7 T:6976  Blind

Latest messages:
 You feel here a splint mail (for sale, 80 zorkmids).
 You try to feel what is lying here on the floor.
 You feel here a splint mail (for sale, 80 zorkmids).
 You try to feel what is lying here on the floor.
 You feel here a chain mail (for sale, 75 zorkmids).
 You try to feel what is lying here on the floor.
 You feel here an apron (for sale, 67 zorkmids).
 You try to feel what is lying here on the floor.
 You feel here a hooded cloak (for sale, 80 zorkmids).
 You try to feel what is lying here on the floor.
 You feel here a wooden shield (for sale, 67 zorkmids).
 You hear a door open.
 What do you want to drop? [$a-eg-ik-zABDHIU-WYZ or ?*] ?
 You drop a piece of cloth (unpaid, 50 zorkmids).
 It misses.
 In what direction? b
 The spell misses the water demon.
 You are hit.
 In what direction? b
 The spell misses the water demon.
 In what direction? b
 The spell misses the water demon.
 The water demon hits!
 The water demon hits!
 The water demon just misses!
 You miss the water demon.
 The water demon hits!
 The water demon hits!
 The water demon misses!
 You miss the water demon.
 The water demon hits!
 The water demon hits!
 The water demon bites!
 You miss the water demon.
 The water demon hits!
 The water demon misses!
 The water demon bites!
 In what direction? .
 You feel better.
 The water demon hits!
 The water demon hits!
 The water demon bites!
 You miss the water demon.
 The water demon hits!
 The water demon hits!
 The water demon bites!
 The water demon hits!
 The water demon hits!
 You die...
 Do you want your possessions identified? [ynq] (y) q

Inventory:
 Coins    ('$')
  $ - 45 gold pieces
 Weapons  (')')
  t - 10 +1 arrows
  a - the rustproof +0 Magicbane (weapon in right hand)
  y - the +0 Sting
  l - a blessed +1 quarterstaff
 Armor    ('[')
  W - a blessed +2 elven leather helm (being worn)
  x - an uncursed +0 helm of caution
  u - a blessed +2 pair of high boots (being worn)
  b - an uncursed +0 cloak of magic resistance (being worn)
  H - an uncursed +0 cloak of protection
 Comestibles  ('%')
  B - an uncursed tripe ration
  Y - an uncursed lizard corpse
 Scrolls  ('?')
  D - an uncursed scroll of destroy armor
  o - an uncursed scroll of earth
  q - an uncursed scroll of enchant weapon
  i - 2 uncursed scrolls of food detection
  p - a cursed scroll of identify
  w - 2 uncursed scrolls of magic mapping
  U - an uncursed scroll of scare monster
  k - a cursed scroll of taming
 Potions  ('!')
  Z - a blessed potion of enlightenment
  r - an uncursed potion of extra healing
  s - 4 uncursed potions of healing
  V - a blessed potion of invisibility
  h - an uncursed potion of invisibility
  v - an uncursed potion of object detection
  g - an uncursed diluted potion of oil
 Rings    ('=')
  d - an uncursed ring of fire resistance
  e - an uncursed +3 ring of gain strength (on right hand)
 Wands    ('/')
  c - a wand of light (0:11)
  I - a wand of striking (0:6)
 Tools    ('(')
  n - an uncursed wooden harp
  m - a magic marker (0:20)
  z - a cursed wax candle

IanCurtis the Wizard's attributes:

Background:
 You were a Thaumaturge, a level 7 male elven Wizard.
 You were chaotic, on a mission for Anhur
 who was opposed by Ptah (lawful) and Thoth (neutral).
 You were right-handed.
 You were in the Dungeons of Doom, on level 6.
 You entered the dungeon 6976 turns ago.
 There was a full moon in effect when your adventure ended.
 You had 948 experience points, 332 more were needed to attain level 8.

Basics:
 You had 0 out of 48 hit points.
 You had 62 out of 89 energy points (spell power).
 Your armor class was 2.
 Your wallet contained 45 zorkmids.
 Autopickup was off.

Final Characteristics:
 Your strength was 14 (base:11, limit:18).
 Your dexterity was 14 (limit:18).
 Your constitution was 14 (limit:16).
 Your intelligence was 19 (limit:20).
 Your wisdom was 13 (limit:20).
 Your charisma was 12 (limit:18).

Final Status:
 You were temporarily blind.
 You weren't hungry.
 You were unencumbered.
 You were wielding a dagger.
 You were unskilled in dagger and could have enhanced that.

Final Attributes:
 You were piously aligned.
 You were magic-protected.
 You were sleep resistant.
 You were poison resistant.
 You were telepathic.
 You had infravision.
 You were warded.
 You were unlucky.
 You are dead.

Miscellaneous:
 You encountered 1 bones level.
 Total elapsed playing time was 46 minutes and 17 seconds.

Major events:
 Turn
    1: IanCurtis the chaotic male elven Wizard entered the dungeon
 1866: attained the rank of Conjurer (level 3)
 2052: entered the Gnomish Mines
 3838: attained the rank of Thaumaturge (level 6)
 5447: was bestowed with Magicbane by Anhur
 5856: chose an elven dagger to be named "Sting"
 5856: was bestowed with Trollsbane by Anhur
 6976: killed by a water demon

Spells:
 Name                 Level Category     Fail Retention
 force bolt             1   attack         0%   66%-70%
 clairvoyance           3   divination    71%   51%-75%
 healing                1   healing        0%   51%-75%

Skills:
 Fighting Skills
   bare handed combat [Unskilled]
   riding             [Unskilled]
 Weapon Skills
   dagger             [Unskilled]
   knife              [Unskilled]
   axe                [Unskilled]
   short sword        [Unskilled]
   club               [Unskilled]
   mace               [Unskilled]
   morning star       [Unskilled]
   quarterstaff       [Skilled]
   polearms           [Unskilled]
   spear              [Unskilled]
   trident            [Unskilled]
   sling              [Unskilled]
   dart               [Unskilled]
   shuriken           [Unskilled]
 Spellcasting Skills
   attack spells      [Skilled]
   healing spells     [Unskilled]
   divination spells  [Unskilled]
   enchantment spells [Basic]
   clerical spells    [Unskilled]
   escape spells      [Unskilled]
   matter spells      [Unskilled]

Voluntary challenges:
 Character rerolling was not enabled.
 You never genocided any monsters.
 You never polymorphed an object.
 You never changed form.
 You used no wishes.
Achievements:
 You entered a shop.
 You attained the rank of Conjurer.
 You entered the Gnomish Mines.
 You attained the rank of Thaumaturge.

 The Dungeons of Doom: levels 1 to 6
    Level 1:
       A sink.
    Level 2:
    Level 3: "spellbooks by stairs"
       A potion shop.
       Stairs down to The Gnomish Mines.
    Level 4: "vault"
       A general store, an altar to Anhur.
    Level 5:
    Level 6: <- You were here.
       An armor shop.
       Final resting place for
          you, killed by a water demon.
 The Gnomish Mines:
    Level 4:
       A grave.
       Final resting place for
          SergeKaramasov-Val-Dwa-Fem-Law, killed by a mind flayer.


Vanquished creatures:
  a giant beetle
  a leprechaun
  a lizard
  2 housecats
  a gnome mummy
  4 human zombies
  a water nymph
  a mountain nymph
  2 rock piercers
  3 rock moles
  a pony
  a fog cloud
  a yellow light
  a shrieker
  2 gnome leaders
  3 gray oozes
  a straw golem
  6 floating eyes
  2 kittens
  3 dwarves
  3 hill orcs
  4 rothes
  a rabid rat
  a centipede
  3 iguanas
  3 killer bees
 an acid blob
  2 coyotes
  7 hobbits
 12 manes
  2 hobgoblins
  2 giant rats
  a cave spider
  a brown mold
  2 yellow molds
  a red mold
  2 gnomes
  2 gnome zombies
  3 geckos
  9 jackals
  a fox
  2 kobolds
  5 goblins
  3 sewer rats
  5 grid bugs
  3 lichens
  2 kobold zombies
 10 newts
131 creatures vanquished.

No species were genocided or became extinct.

Game over:
                       ----------
                      /          \
                     /    REST    \
                    /      IN      \
                   /     PEACE      \
                  /                  \
                  |    IanCurtis     |
                  |      45 Au       |
                  |   killed by a    |
                  |   water demon    |
                  |                  |
                  |                  |
                  |       2026       |
                 *|     *  *  *      | *
        _________)/\\_//(\/(/\)/\//\/|_)_______

Goodbye IanCurtis the Wizard...

You died in The Dungeons of Doom on dungeon level 6 with 4093 points,
and 45 pieces of gold, after 6976 moves.
You were level 7 with a maximum of 48 hit points when you died.

